Map: [ESL] Hard Lead

Players

Maru

  • Race: Terran Terran
  • Spawn Location: 11:00

Serral - Winner!

  • Race: Zerg Zerg
  • Spawn Location: 5:00

Event: IEM Katowice 2024

VOD

Have the link to the VOD?

Description

Time

  • Played on: Feb. 11, 2024, 1:50 p.m.
  • Length: 6:50

All games in this series

Show
View Real Time Build Order
Export as new Build Order

Maru Terran 

Build Orders: Hellion Opening, Reaper Expand 

Get SALT Encoding   

  12  0:00  SCV  
  13  0:12  SCV  
  14  0:17  Supply Depot  
  14  0:24  SCV  
  15  0:38  SCV  
  15  0:39  Barracks  
  15  0:42  Refinery  
  16  0:50  SCV  
  17  1:03  SCV  
  18  1:15  SCV  
  19  1:26  Reaper  
  19  1:27  Orbital Command  
  20  1:37  Command Center  
  20  1:49  Supply Depot  
  20  1:52  SCV  
  21  1:58  Marine  
  22  2:04  SCV  
  23  2:13  Factory  
  23  2:16  SCV  
  23  2:20  Barracks Reactor  
  24  2:29  SCV  
  25  2:41  SCV  
  26  2:45  Command Center  
  26  2:50  Orbital Command  
  26  2:53  SCV  
  27  2:58  Starport  
  27  3:05  SCV  
  28  3:06  Refinery  
  28  3:08  Hellion  
  28  3:10  Hellion  
  32  3:16  SCV  
  32  3:17  SCV  
  32  3:19  Marine  
  35  3:28  SCV  
  35  3:29  SCV  
  35  3:30  Hellion  
  35  3:31  Hellion  
  41  3:36  Viking  
  41  3:40  SCV  
  44  3:41  SCV  
  44  3:46  Barracks Tech Lab  
  45  3:51  Hellion  
  46  3:57  Hellion, SCV  
  46  3:58  Orbital Command  
  46  4:00  SCV  
  50  4:05  Marine  
  50  4:06  Supply Depot  
  50  4:07  Liberator  
  50  4:09  SCV  
  55  4:12  SCV  
  55  4:17  Hellion  
  58  4:19  Hellion  
  58  4:21  Stimpack  
  58  4:23  SCV  
  61  4:27  SCV x2  
  61  4:29  Supply Depot  
  63  4:34  Refinery  
  63  4:35  SCV  
  63  4:36  Marine  
  65  4:42  Barracks x2  
  65  4:43  SCV x2  
  67  4:48  Factory Reactor  
  67  4:51  SCV, Engineering Bay  
  67  4:52  Starport Reactor, Engineering Bay  
  68  4:55  SCV  
  69  5:01  Bunker  
  69  5:03  Bunker  
  69  5:06  SCV  
  67  5:08  Factory Tech Lab  
  67  5:09  Marine  
  67  5:10  SCV  
  69  5:19  Bunker  
  69  5:22  SCV  
  69  5:27  SCV x2, Marine  
  73  5:32  Siege Tank  
  76  5:36  Supply Depot  
  76  5:37  Supply Depot x2  
  74  5:57  Marine  
  74  5:58  Marine x3  
  74  5:59  SCV x2  
  66  6:10  SCV  
  57  6:11  SCV x2  
  57  6:15  Marine  
  57  6:16  Marine x2  
  50  6:28  Marine  
  50  6:30  SCV  
Show
View Real Time Build Order
Export as new Build Order

Serral Zerg - Winner!

Build Orders: Hatch First 

Get SALT Encoding   

  12  0:00  Drone  
  13  0:12  Overlord  
  13  0:18  Drone  
  14  0:30  Drone x2  
  16  0:47  Hatchery  
  15  0:50  Drone  
  15  0:54  Drone  
  17  0:57  Drone  
  18  1:08  Extractor  
  17  1:13  Spawning Pool  
  17  1:16  Drone  
  17  1:19  Drone  
  18  1:27  Drone  
  19  1:38  Drone  
  20  1:48  Drone  
  21  2:00  Queen x2  
  21  2:01  Zergling x4  
  27  2:08  Metabolic Boost  
  27  2:21  Hatchery  
  26  2:25  Overlord  
  26  2:28  Spore Crawler  
  25  2:32  Drone  
  25  2:34  Drone  
  27  2:44  Drone x3  
  27  2:46  Queen  
  27  2:51  Overlord  
  32  2:55  Drone  
  32  2:57  Drone  
  34  2:59  Drone  
  35  3:08  Queen  
  35  3:10  Drone  
  35  3:11  Drone x2  
  40  3:13  Drone  
  40  3:17  Overlord  
  41  3:22  Drone  
  41  3:23  Drone  
  43  3:32  Roach Warren, Queen  
  44  3:35  Drone x2  
  44  3:38  Drone  
  47  3:44  Drone x3, Extractor  
  47  3:46  Extractor  
  48  3:49  Overlord  
  48  3:51  Drone  
  48  3:53  Overlord  
  49  4:01  Zergling x8  
  52  4:04  Zergling x2  
  53  4:14  Roach  
  53  4:15  Roach x3, Overlord  
  61  4:19  Roach  
  61  4:23  Overlord  
  63  4:26  Roach  
  65  4:34  Roach x3  
  71  4:45  Zergling x14  
  77  4:50  Overlord  
  77  4:52  Overlord  
  77  4:58  Overlord  
  77  5:05  Overlord  
  75  5:09  Ravager  
  75  5:10  Ravager x3  
  75  5:11  Zergling x10  
  84  5:17  Zergling x8  
  84  5:18  Ravager  
  84  5:19  Ravager  
  90  5:25  Zergling x6  
  93  5:29  Ravager  
  93  5:35  Zergling x10  
  99  5:41  Ravager  
  100  5:46  Zergling x12  
  100  5:59  Zergling x14  
  92  6:09  Zergling x8  
  82  6:14  Drone  
  82  6:15  Drone  
  79  6:19  Drone x2  
  79  6:23  Drone x5  
  86  6:34  Drone x3  
  86  6:36  Drone  
  86  6:37  Drone  

Tags
 
Add a new tag
Caveats
  • Supply blocks, unpowered buildings, or Contaminate may cause inaccurate times.
  • Supply counts are checked every 10 seconds.